 Dungeon Crawl Stone Soup version 0.26.1-2-gb8aa6d0cf2 (webtiles) character file.

Game seed: 7826227890250397879

427 Descartes the Chiller (level 6, -1/32 HPs)
             Began as a Deep Elf Wanderer on Mar 13, 2021.
             Slain by an ogre
             ... wielding a +0 giant club
              (4 damage)
             ... on level 4 of the Dungeon.
             The game lasted 00:15:20 (4791 turns).

Descartes the Chiller (Deep Elf Wanderer)           Turns: 4791, Time: 00:15:20

Health: -1/32      AC:  4    Str:  8    XL:     6   Next: 65%
Magic:  0/15       EV: 11    Int: 21    God:
Gold:   185        SH:  0    Dex: 13    Spells: 7/15 levels left

rFire    . . .     SeeInvis .   B - +0 rapier
rCold    . . .     Faith    .   (no shield)
rNeg     . . .     Spirit   +   d - +0 robe
rPois    +         Reflect  .   (no helmet)
rElec    .         Harm     .   (no cloak)
rCorr    .         Rampage  .   (no gloves)
Will     .....                  k - +1 pair of boots
Stlth    +.........             p - amulet of guardian spirit
HPRegen  0.10/turn              n - ring of poison resistance
MPRegen  0.14/turn              o - ring of flight

@: no status effects
A: no striking features
a: Evoke Flight


You were on level 4 of the Dungeon.
You visited 1 branch of the dungeon, and saw 4 of its levels.

You collected 185 gold pieces.

Inventory:

Hand Weapons
 a - a +0 dagger
 g - a +0 hunting sling
 B - a +0 rapier (weapon)
Missiles
 c - 109 stones (quivered)
 q - 3 throwing nets
 u - 16 poisoned darts
 x - 24 arrows
 y - 17 bolts
 z - 6 datura-tipped darts
Armour
 d - a +0 robe (worn)
 k - a +1 pair of boots (worn)
 s - a +1 ring mail of cold resistance
Jewellery
 n - a ring of poison resistance (left hand)
 o - a ring of flight (right hand)
 p - an amulet of guardian spirit (around neck)
Scrolls
 b - 2 scrolls of enchant armour
 h - a scroll of enchant weapon {unknown}
 j - 5 scrolls of remove curse
 m - 2 scrolls of teleportation {unknown}
 r - 2 scrolls of random uselessness {unknown}
 t - a scroll of magic mapping {unknown}
 A - a scroll of fear {unknown}
Potions
 e - a potion of haste {unknown}
 f - 4 potions of curing {unknown}
 i - 2 potions of lignification {unknown}
 l - a potion of flight {unknown}
 v - 2 potions of heal wounds {unknown}
 w - a potion of cancellation {unknown}
 C - a potion of magic {unknown}


   Skills:
 - Level 1.0 Throwing
 - Level 1.0 Shields
 - Level 5.0 Spellcasting
 + Level 3.8 Translocations
 + Level 5.8 Ice Magic
 + Level 3.9 Earth Magic
 + Level 1.4 Evocations


You had 7 spell levels left.
You knew the following spells:

 Your Spells              Type           Power        Failure   Level
a - Freeze                Ice            100%         1%          1
b - Sandblast             Erth           42%          2%          1
c - Blink                 Tloc           N/A          3%          2
d - Magic Dart            Conj           20%          11%         1
e - Frozen Ramparts       Ice            58%          3%          3

Your spell library contained the following spells:

 Spells                   Type           Power        Failure   Level
 Apportation              Tloc           42%          2%          1
 Ozocubu's Armour         Ice            29%          3%          3
 Portal Projectile        Hex/Tloc       26%          14%         3
 Stone Arrow              Conj/Erth      26%          14%         3
 Call Imp                 Summ           5%           16%         2
 Slow                     Hex            5%           16%         2
 Conjure Flame            Conj/Fire      5%           32%         3
 Mephitic Cloud           Conj/Pois/Air  5%           32%         3
 Hailstorm                Conj/Ice       17%          32%         4
 Summon Ice Beast         Ice/Summ       17%          32%         4


Dungeon Overview and Level Annotations

Branches:
Dungeon (4/15)
 Temple: D:4-7

Altars:
Ashenzari

Annotations:
D:4 1 runed translucent door


Message History

* * * LOW HITPOINT WARNING * * *
Casting: Freeze (safe; 1% risk of failure)
Confirm with . or Enter, or press ? or * to list all spells.
Aiming: Sandblast (safe; 2% risk of failure)
Press: ? - help, Shift-Dir - straight line, f/p - ogre
Aim: an ogre, wielding a +0 giant club (severely wounded, 9% to evade)
Okay, then.
Casting: Sandblast (safe; 2% risk of failure)
Confirm with . or Enter, or press ? or * to list all spells.
You miscast Blink.
You are very lightly contaminated with residual magic.
Nothing appears to happen.
The ogre hits you with a +0 giant club.
* * * LOW HITPOINT WARNING * * *
Casting: Blink (safe; 3% risk of failure)
Confirm with . or Enter, or press ? or * to list all spells.
You don't have enough magic to cast that spell.
Unknown command.
Your magical contamination has completely faded away.
The ogre hits you with a +0 giant club.
You die...

.....#...# ##.##.......#####..#..
.....##..# #..#........##....####
..#..##..####.#..#...........####
..#..###.>###....#..............#
..#...#...##.....#...####........
.##.................## #.........
# #................## #.)......#
##.....#####.O...## ##......##
#.....# ###@...### #......#
....#...## ##...#.###......#
...###... #.# ##...........###
..... <...##.............#
..##.## #.................## #..
## ####...............# #..
#................# ##.
.....#............##
.....####.....#...##


You could see an ogre.

Vanquished Creatures
  An ogre (D:4)
  A hound (D:4)
  2 orc priests
  A bullfrog skeleton (D:4)
  2 worker ants
  3 gnolls
  5 adders
  An ufetubus (D:3)
  2 oozes (D:3)
  4 worms
  2 dart slugs
  3 leopard geckos
  3 orcs (D:2)
  A ball python (D:2)
  7 bats
  4 giant cockroaches
  7 goblins
  10 hobgoblins
  A quokka (D:3)
  2 frilled lizards
  8 kobolds
  9 rats
79 creatures vanquished.

Notes
Turn   | Place    | Note
-------+----------+-------------------------------------------
     0 | D:1      | Descartes the Deep Elf Wanderer began the quest for the
                  | Orb.
     0 | D:1      | Descartes set off with the following items: a +0 dagger, a
                  | +0 robe; and the following spells available to memorise:
                  | Freeze, Apportation, Frozen Ramparts, Ozocubu's Armour,
                  | Sandblast, Portal Projectile, Stone Arrow, Hailstorm,
                  | Summon Ice Beast
     0 | D:1      | Reached XP level 1. HP: 10/10 MP: 6/6
     2 | D:1      | Learned a level 1 spell: Freeze
     4 | D:1      | Learned a level 1 spell: Sandblast
   318 | D:1      | Reached XP level 2. HP: 11/15 MP: 2/8
   414 | D:1      | Reached skill level 1 in Earth Magic
   815 | D:2      | Reached XP level 3. HP: 17/19 MP: 5/10
  1180 | D:2      | Reached skill level 5 in Ice Magic
  1919 | D:3      | Reached XP level 4. HP: 12/24 MP: 8/12
  2552 | D:3      | Learned a level 2 spell: Blink
  2782 | D:3      | Learned a level 1 spell: Magic Dart
  2786 | D:3      | Learned a level 3 spell: Frozen Ramparts
  3175 | D:3      | Reached XP level 5. HP: 28/28 MP: 9/14
  3503 | D:3      | Found a broken altar of Ashenzari.
  3733 | D:4      | Reached skill level 5 in Spellcasting
  3924 | D:4      | Found a runed translucent gate.
  4188 | D:3      | Reached XP level 6. HP: 29/32 MP: 10/15
  4599 | D:4      | Reached skill level 1 in Evocations
  4791 | D:4      | Slain by an ogre

Illustrated notes

Levels and vault maps discovered:
D:1:      kennysheep_arrival_forest, layout_rooms
D:2:      layout_loops_ring, general_overflow_altar, corexii_corridor_pit,
          kennysheep_generic_room_9
D:3:      layout_loops_corners, marbit_many_paths, serial_bayou_pond_e,
          hex_medium
D:4:      layout_cave_pools, gammafunk_ghost_cemetery, uniq_menkaure

Skill      XL: |  1  2  3  4  5  6 |
---------------+-------------------+-----
Earth Magic    | 1 2 3 |  3.9
Spellcasting   | 4 5 |  5.0
Ice Magic      | 5 |  5.8
Translocations | 3 |  3.8
Evocations     | 1 |  1.4
Throwing       | |  1.0
Shields        | |  1.0

Action                   |  1- 3 |  4- 6 || total
-------------------------+-------+-------++-------
Melee: Dagger            |     9 |    10 ||    19
 Cast: Freeze            |    53 |    94 ||   147
       Sandblast         |     7 |     5 ||    12
       Blink             |       |     1 ||     1
       Magic Dart        |       |     2 ||     2
  Use: Scroll            |     1 |     1 ||     2
 Stab: Sleeping          |     2 |       ||     2
Armor: Robe              |     6 |    24 ||    30
Dodge: Dodged            |    23 |    53 ||    76
